 Dungeon Crawl Stone Soup version 0.27.0-1-g7a089689b8 (webtiles) character file.

Game seed: 137448604585362541

92 gimp the Ducker (level 4, -1/28 HPs)
             Began as a Tengu Warper on Aug 11, 2021.
             Slain by a goblin (5 damage)
             ... led by Robin
             ... on level 4 of the Dungeon.
             The game lasted 00:02:58 (3133 turns).

gimp the Ducker (Tengu Warper)                      Turns: 3133, Time: 00:02:59

Health: -1/28      AC:  3    Str: 11    XL:     4   Next: 60%
Magic:  17/17      EV: 13    Int: 14    God:
Gold:   152        SH:  0    Dex: 14    Spells: 7/7 levels left

rFire    . . .     SeeInvis .   a - +0 falchion
rCold    . . .     Faith    .   (no shield)
rNeg     . . .     Spirit   .   b - +0 leather armour
rPois    .         Reflect  .   (helmet restricted)
rElec    .         Harm     .   (no cloak)
rCorr    .         Rampage  .   (no gloves)
Will     .....                  (boots unavailable)
Stlth    +.........             (no amulet)
HPRegen  0.09/turn              f - ring of magical power
MPRegen  0.15/turn              (no ring)

@: no status effects
A: beak, talons 3
a: no special abilities


You were on level 4 of the Dungeon.
You visited 1 branch of the dungeon, and saw 4 of its levels.

You collected 152 gold pieces.

Inventory:

Hand Weapons
 a - a +0 falchion (weapon)
Missiles
 d - 5 boomerangs of dispersal
 e - 14 poisoned darts (quivered)
Armour
 b - a +0 leather armour (worn)
Jewellery
 f - a ring of magical power (left hand)
 l - a ring of flight
Scrolls
 c - a scroll of blinking
 i - a scroll of silence {unknown}
 j - 2 scrolls of enchant weapon {unknown}
 n - a scroll of summoning {unknown}
 o - a scroll of magic mapping {unknown}
 p - a scroll of fog {unknown}
 q - 2 scrolls of identify {unknown}
 r - a scroll of brand weapon {unknown}
Potions
 g - a potion of curing
 h - a potion of flight {unknown}
 k - 2 potions of haste {unknown}
 m - a potion of invisibility {unknown}
 s - a potion of magic {unknown}


   Skills:
 + Level 3.1 Fighting
 - Level 2.1 Long Blades
 - Level 1.0 Throwing
 - Level 1.1 Armour
 * Level 4.4 Dodging
 - Level 2.0 Spellcasting
 - Level 2.4 Translocations


You had 7 spell levels left.
You didn't know any spells.
Your spell library contained the following spells:

 Spells                   Type           Power      Damage    Failure   Level
 Blink                    Tloc           N/A        N/A       19%         2
 Gell's Gravitas          Tloc           4%         N/A       34%         3
 Lesser Beckoning         Tloc           4%         N/A       34%         3
 Teleport Other           Tloc           8%         N/A       34%         3
 Ensorcelled Hibernation  Hex/Ice        2%         N/A       43%         2
 Spider Form              Tmut/Pois      0%         N/A       67%         3
 Manifold Assault         Tloc           8%         N/A       97%         5
 Shadow Creatures         Summ           N/A        N/A       100%        6
 Storm Form               Tmut/Air       0%         N/A       100%        7


Dungeon Overview and Level Annotations

Branches:
Dungeon (4/15)
 Temple: D:4-7

Altars:
Fedhas

Annotations:
D:2 1 runed translucent door, Crazy Yiuf
D:4 1 transporter, Sin92's ghost, novice DsFi


Innate Abilities, Weirdness & Mutations

You have a beak for a mouth.
You have claws for feet.


Message History

You hear a shout!
Throw: 15 darts (poison)
Press: ? - help, Q - select action, (/) - cycle Shift-Dir - straight line, f/p - Robin
Aim: Robin, wielding a +0 short sword, wearing a +0 animal skin, wearing a +0 helmet and carrying a wand of flame (14) (heavily wounded, extremely poisoned, 67% to hit)
You throw a poisoned dart. The poisoned dart hits Robin.
Robin looks as sick as possible!
Robin is heavily wounded.
A goblin and a hobgoblin come into view.
The goblin shouts!
Robin hits you with a +0 short sword!
You take 7 damage, and have 10/28 hp.
MASSIVE DAMAGE!!
You are too injured to fight recklessly!
You hit Robin. You peck Robin.
Robin is almost dead.
A hobgoblin comes into view.
Robin throws the goblin at you! The goblin closely misses you.
A hobgoblin comes into view.
The hobgoblin shouts!
You hit Robin but do no damage.
Robin is almost dead.
Robin throws the goblin at you!
The goblin hits you but does no damage. x2
A goblin comes into view. It is wielding a +0 club.
Robin misses you.
You riposte.
You closely miss Robin.
The goblin shouts!
Your kick misses Robin.
Robin is almost dead.
You hear a shout!
You take 1 damage, and have 9/28 hp.
The goblin hits you with a +0 dagger.
* * * LOW HITPOINT WARNING * * *
The goblin misses you.
You riposte.
You hit the goblin. Your kick misses the goblin. Your peck misses the goblin.
The goblin is severely wounded.
Robin roars a battlecry!
The hobgoblin goes into a battle-frenzy!
You take 5 damage, and have 4/28 hp.
You kill Robin!
The goblin misses you. The goblin hits you with a +0 dagger.
You die...

.......(g...#....###
.......gg..........#
........(..........#
.........(g........#
.........g).........
...............# ##
...........g#.##..#
..........g...#...
..........@..##.##..=#
...........÷.#5....#..
########.....#5.##W5©
. #....)#...... .
#####)##...#. ..
#..#....# . ##.#####.
###©# #.....####©###.
#####..........


You could see a quasit, 3 hobgoblins and 3 goblins.

Vanquished Creatures
  Robin (D:4)
  2 gnolls (D:3)
  An adder (D:4)
  A worm (D:2)
  2 dart slugs (D:1)
  7 ball pythons
  3 bats
  An endoplasm (D:2)
  A giant cockroach (D:1)
  2 hobgoblins (D:1)
  4 jackals (D:2)
  4 kobolds
  2 quokkas
  4 frilled lizards
  5 goblins
  9 rats
49 creatures vanquished.

Notes
Turn   | Place    | Note
-------+----------+-------------------------------------------
     0 | D:1      | gimp the Tengu Warper began the quest for the Orb.
     0 | D:1      | Reached XP level 1. HP: 12/12 MP: 4/4
    65 | D:1      | Reached XP level 2. HP: 17/17 MP: 6/6
   259 | D:1      | Found a faded altar of an unknown god.
   444 | D:1      | Reached skill level 3 in Dodging
  1144 | D:1      | Reached XP level 3. HP: 20/22 MP: 7/7
  1696 | D:2      | Found a blossoming altar of Fedhas.
  2106 | D:2      | Found a runed translucent door.
  2107 | D:2      | Noticed Crazy Yiuf
  2698 | D:4      | Found a transporter.
  2709 | D:4      | Noticed Sin92's ghost (novice DsFi)
  2722 | D:4      | Reached XP level 4. HP: 17/27 MP: 8/8
  2879 | D:4      | Reached skill level 4 in Dodging
  3118 | D:4      | Noticed Robin
  3132 | D:4      | Killed Robin
  3133 | D:4      | Slain by a goblin

Illustrated notes

Levels and vault maps discovered:
D:1:      minmay_arrival_four_houses, layout_basic, basic_ecumenical_altar
D:2:      layout_loops_corners, basic_altar, uniq_crazy_yiuf_cottage
D:3:      layout_basic, dk_vineyard_2
D:4:      layout_basic, nicolae_uskayaw_suspiria, kennysheep_orc_sif_temple,
          serial_shops, kennysheep_mini, gammafunk_ghost_stat_death, uniq_robin,
          uniq_sigmund

Skill      XL: |  1  2  3  4 |
---------------+-------------+-----
Dodging        | 3 4 |  4.4
Fighting       | 3 |  3.1
Long Blades    | |  2.1
Throwing       | |  1.0
Armour         | |  1.1
Spellcasting   | |  2.0
Translocations | |  2.4

Action                   |  1- 3 |  4- 6 || total
-------------------------+-------+-------++-------
Melee: Falchion          |    88 |    11 ||    99
       Kick              |    31 |     4 ||    35
       Peck              |     9 |     2 ||    11
Throw: Dart              |     2 |     9 ||    11
Armor: Leather armour    |    20 |     4 ||    24
Dodge: Dodged            |    62 |     9 ||    71
       Rpst.: Falchion   |    14 |     5 ||    19
